 Seeded DCSS version 0.29.1-15-g9cfb28693d (webtiles) character file.

Game seed: 7754796907157481089 (custom seed)

308 Pimp the Grave Robber (level 6, -1/43 HPs)
             Began as a Demonspawn Necromancer on Apr 18, 2023.
             Shot with an arrow by a centaur (10 damage)
             ... on level 4 of the Dungeon.
             The game lasted 00:05:13 (3730 turns).

Pimp the Grave Robber (Demonspawn Necromancer)      Turns: 3730, Time: 00:05:14

Health: -1/43      AC:  2    Str:  8    XL:     6   Next: 17%
Magic:  9/9        EV: 12    Int: 19    God:
Gold:   184        SH:  0    Dex: 13    Spells: 8/9 levels left

rFire   . . .      SeeInvis .   d - +0 war axe
rCold   . . .      Faith    .   (no shield)
rNeg    . . .      Spirit   .   a - +0 robe
rPois   .          Reflect  .   (no helmet)
rElec   .          Harm     .   (no cloak)
rCorr   .          Rampage  .   (no gloves)
Will    .....                   (no boots)
Stlth   ++........              (no amulet)
HPRegen 0.14/turn               (no ring)
MPRegen 0.11/turn               (no ring)

@: invisible
A: powered by death 1, powered by pain 1, sturdy frame 1, demonic touch 1
a: no special abilities


You were on level 4 of the Dungeon.
You visited 1 branch of the dungeon, and saw 4 of its levels.

You collected 184 gold pieces.

Inventory:

Hand Weapons
 d - a +0 war axe (weapon)
Armour
 a - a +0 robe (worn)
Jewellery
 o - an amulet of regeneration
Wands
 e - a wand of polymorph (10)
 g - a wand of iceblast (8)
Scrolls
 c - a scroll of teleportation
 j - 2 scrolls of identify
 k - a scroll of summoning
 q - a scroll of immolation
Potions
 b - a potion of magic
 f - a potion of mutation
 l - a potion of ambrosia
 m - a potion of curing {unknown}
 n - a potion of cancellation {unknown}


   Skills:
 + Level 1.5 Fighting
 * Level 4.1 Axes
 + Level 2.6 Dodging
 + Level 2.4 Stealth
 + Level 0.1 Unarmed Combat
 + Level 2.3 Spellcasting
 + Level 4.7 Necromancy


You had 8 spell levels left.
You knew the following spells:

 Your Spells              Type           Power      Damage    Failure   Level
a - Necrotise             Necr           80%        1d8       2%          1

Your spell library contained the following spells:

 Spells                   Type           Power      Damage    Failure   Level
 Vampiric Draining        Necr           20%        2d7       7%          3
 Sting                    Tmut/Pois      8%         1d3       17%         1
 Animate Dead             Necr           20%        N/A       24%         4
 Poisonous Vapours        Pois/Air       4%         N/A       26%         2
 Ozocubu's Armour         Ice            2%         N/A       45%         3
 Agony                    Necr           20%        N/A       54%         5
 Olgreb's Toxic Radiance  Pois           2%         N/A       86%         4
 Ozocubu's Refrigeration  Ice            1%         4d7       100%        7


Dungeon Overview and Level Annotations

Branches:
Dungeon (4/15)
 Temple: D:4-7

Altars:
Gozag


Innate Abilities, Weirdness & Mutations

You regenerate a little health from kills.
You sometimes gain a little power by taking damage.
Your movements are slightly less encumbered by armour. (ER -2)
Your touch may inflict minor irresistible damage on your foes.


Message History

* * * LOW HITPOINT WARNING * * *
The centaur kicks you.
* * * LOW HITPOINT WARNING * * *
The centaur closely misses you. The centaur barely misses you.
You hit the centaur. Your touch misses the centaur.
The centaur is heavily wounded.
The centaur barely misses you. The centaur closely misses you.
The centaur barely misses you.
The centaur kicks you but does no damage.
You hit the centaur.
The centaur is severely wounded.
The centaur misses you.
The centaur kicks you but does no damage.
The centaur barely misses you. The centaur kicks you.
* * * LOW HITPOINT WARNING * * *
You are confused.
You feel invigorated. The centaur closely misses you. The centaur kicks you.
* * * LOW HITPOINT WARNING * * *
The centaur hits you.
* * * LOW HITPOINT WARNING * * *
The centaur completely misses you.
You hit the centaur. Your touch misses the centaur.
The centaur is almost dead.
The centaur completely misses you.
The centaur kicks you but does no damage.
The centaur hits you.
* * * LOW HITPOINT WARNING * * *
The centaur misses you.
It was a potion of invisibility.
You fade into invisibility!
The centaur hits you.
* * * LOW HITPOINT WARNING * * *
The centaur barely misses you.
You bump into the rock wall.
You feel less invigorated.
You feel less confused.
The centaur wields a +0 shortbow.
The centaur shoots an arrow.
The arrow hits you.
* * * LOW HITPOINT WARNING * * *
The centaur shoots an arrow.
The arrow hits you!
You die...

....##...#.....#.#.#..##..
#..$...# #.............
#....# #.)#.###......
#....####..#.# #..###.
#..........#.###..# #.
#.#...............# #.
####.##.#####.#.###..# #.
(................. # #.
>.>.....@....##.### #(
#########c##...... #.
#.......### #. #########
##


You could see a centaur (unable to see you).

Vanquished Creatures
  An orc wizard (D:4)
  4 adders
  A worm (D:2)
  2 dart slugs
  4 orcs (D:4)
  4 endoplasms
  2 giant cockroaches
  4 hobgoblins
  3 jackals (D:2)
  3 quokkas
  3 ball pythons
  4 bats
  2 frilled lizards
  3 goblins
  4 kobolds
  2 rats
46 creatures vanquished.

Vanquished Creatures (collateral kills)
  Grinder (D:4)
1 creature vanquished.

Grand Total: 47 creatures vanquished

Notes
Turn   | Place    | Note
-------+----------+-------------------------------------------
     0 | D:1      | Pimp the Demonspawn Necromancer began the quest for the
                  | Orb.
     0 | D:1      | Reached XP level 1. HP: 13/13 MP: 3/3
   650 | D:1      | Gained mutation: You regenerate a little health from kills.
                  | [demonic ancestry]
   650 | D:1      | Reached XP level 2. HP: 16/19 MP: 5/5
   719 | D:1      | Reached skill level 1 in Axes
  1320 | D:2      | Found an opulent altar of Gozag.
  1428 | D:2      | Gained mutation: Your touch may inflict minor irresistible
                  | damage on your foes. [demonic ancestry]
  1428 | D:2      | Reached XP level 3. HP: 11/25 MP: 6/6
  1947 | D:2      | Found a faded altar of an unknown god.
  2407 | D:3      | Gained mutation: Your movements are slightly less
                  | encumbered by armour. (ER -2) [demonic ancestry]
  2407 | D:3      | Reached XP level 4. HP: 24/31 MP: 7/7
  3413 | D:4      | Noticed Grinder
  3415 | D:4      | Paralysed by Grinder for 2 turns
  3435 | D:4      | Paralysed by Grinder for 4 turns
  3442 | D:4      | HP: 1/31 [Grinder/nerve-wracking pain (7)]
  3456 | D:4      | Killed Grinder
  3457 | D:4      | Reached skill level 1 in Fighting
  3457 | D:4      | Reached XP level 5. HP: 21/37 MP: 8/8
  3457 | D:4      | Gained mutation: You sometimes gain a little power by
                  | taking damage. [demonic ancestry]
  3457 | D:4      | Reached XP level 6. HP: 25/43 MP: 9/9
  3730 | D:4      | Shot with an arrow by a centaur

Illustrated notes

Levels and vault maps discovered:
D:1:      matt_arrival_refuge, layout_loops_ring, minmay_tetromino_i4
D:2:      layout_loops_ring, basic_altar, chequers_ecumenical_altar_simple,
          kennysheep_generic_room_8
D:3:      layout_basic, elyvilon_altar_1, nicolae_figureground_sparkle
D:4:      dreamdust_elfheim, layout_loops_ring, minmay_temple_entry_slanted,
          uniq_eustachio, uniq_robin, uniq_grinder

Skill      XL: |  1  2  3  4 |
---------------+-------------+-----
Axes           | 1 2 4 |  4.1
Dodging        | 2 |  2.6
Stealth        | 2 |  2.4
Fighting       | 1 |  1.5
Unarmed Combat | |  0.1
Spellcasting   | |  2.3
Necromancy     | |  4.7

Action                   |  1- 3 |  4- 6 || total
-------------------------+-------+-------++-------
Melee: War axe           |    81 |    44 ||   125
       Unarmed           |    11 |       ||    11
       Touch             |     7 |     6 ||    13
       Punch             |     1 |       ||     1
 Cast: Necrotise         |     7 |       ||     7
  Use: Scroll            |     8 |     5 ||    13
       Potion            |       |     5 ||     5
 Stab: Sleeping          |     3 |     2 ||     5
Armor: Robe              |    27 |     8 ||    35
       Skin              |       |     6 ||     6
Dodge: Dodged            |    91 |    45 ||   136
